 Dungeon Crawl Stone Soup version 0.17-a0-1442-g10bb59b (webtiles) character file.

73 mrath the Ducker (level 4, -1/34 HPs)
             Began as a Merfolk Gladiator on June 28, 2015.
             Slain by Grinder (3 damage)
             ... while paralysed by Grinder
             ... on level 3 of the Dungeon.
             The game lasted 00:24:14 (1801 turns).

mrath the Ducker (Merfolk Gladiator)                Turns: 1801, Time: 00:24:14

Health: -1/34      AC:  7    Str: 16    XL:     4   Next: 27%
Magic:  4/4        EV:  2    Int:  7    God:
Gold:   104        SH:  0    Dex: 14    Spells: 0 memorised, 3 levels left

rFire  . . .     SeeInvis .     a - +1 war axe
rCold  . . .     Clarity  +     b - +0 leather armour
rNeg   . . .     SustAt   .     (no shield)
rPois  .         Gourm    .     c - +0 helmet
rElec  .         Spirit   .     (no cloak)
rCorr  .         Warding  .     (no gloves)
rMut   .         Stasis   .     g - +2 pair of boots
MR     .....                    j - amulet of clarity
Stlth  ++........               (no ring)
                                (no ring)

@: paralysed, not resistant to hostile enchantments, unstealthy
A: change form in water, swift swim
a: no special abilities


You were on level 3 of the Dungeon.
You were not hungry.

You visited 1 branch of the dungeon, and saw 3 of its levels.

You collected 104 gold pieces.

Inventory:

Hand weapons
 a - a +1 war axe (weapon)
 s - a +0 whip
 v - a +0 spear
Missiles
 d - 2 throwing nets
 m - 18 bolts
 n - 36 stones (quivered)
 t - 44 arrows
Armour
 b - a +0 leather armour (worn)
 c - a +0 helmet (worn)
 g - a +2 pair of boots (worn)
Jewellery
 j - an amulet of clarity (around neck)
Scrolls
 o - 4 scrolls of identify
Potions
 h - a potion of invisibility {unknown}
 k - a potion of brilliance
 p - a potion of agility {unknown}
 w - a potion of lignification {unknown}
Comestibles
 e - a bread ration
 f - 3 chunks of flesh
 i - 2 fruits
 l - 2 beef jerkies
 q - a royal jelly
 u - a meat ration


   Skills:
 + Level 2.3 Fighting
 + Level 2.8 Axes
 + Level 2.4 Throwing
 + Level 0.3 Armour
 + Level 5.1 Dodging
 + Level 1.4 Stealth


You had 3 spell levels left.
You didn't know any spells.

Dungeon Overview and Level Annotations

Branches:
Dungeon (3/15)

Altars:
Elyvilon
Qazlal

Annotations:
D:1 1 runed door
D:3 Grinder


Message History

Grinder gestures at you. Pain shoots through your body!
* * * LOW HITPOINT WARNING * * *
You see here a mace.
Grinder gestures.
Grinder blinks!
You see here 2 stones.
You hit Grinder.
Grinder is severely wounded.
Grinder closely misses you.
You barely miss Grinder.
Grinder is severely wounded.
Grinder gestures.
Grinder blinks!
Grinder gestures at you.
You suddenly lose the ability to move!
Grinder gestures.
Grinder blinks!
Grinder hits you.
You die...

#..## #. ...? #.
#..# #. #..# .#
#.##..####
...###..(.....
...........#
....ยง..(.@5#
.........#.####
...####(........
#)##((.... ##.#
......# #<.#
....(## #..#
###### #......#
#....###


You could see Grinder.

Vanquished Creatures
  An adder (D:2)
  An ooze (D:1)
  2 worms
  4 giant geckos
  An orc (D:3)
  3 giant cockroaches
  6 goblins
  8 hobgoblins
  5 jackals
  3 kobolds
  4 bats
  2 giant newts
  10 rats
50 creatures vanquished.

Notes
Turn   | Place    | Note
--------------------------------------------------------------
     0 | D:1      | mrath the Merfolk Gladiator began the quest for the Orb.
     0 | D:1      | Reached XP level 1. HP: 16/16 MP: 1/1
     1 | D:1      | Found a runed door.
    88 | D:1      | Reached XP level 2. HP: 13/22 MP: 2/2
   820 | D:1      | Reached XP level 3. HP: 27/27 MP: 3/3
  1043 | D:2      | Found a stormy altar of Qazlal.
  1043 | D:2      | Noticed an earth elemental
  1045 | D:2      | Noticed an air elemental
  1046 | D:2      | Noticed a fire elemental
  1046 | D:2      | Noticed a water elemental
  1289 | D:2      | Reached skill level 5 in Dodging
  1333 | D:2      | Found a white marble altar of Elyvilon.
  1344 | D:2      | Reached skill level 1 in Stealth
  1344 | D:2      | Reached XP level 4. HP: 34/34 MP: 4/4
  1768 | D:3      | Noticed Grinder
  1799 | D:3      | Paralysed by Grinder for 3 turns
  1801 | D:3      | Slain by Grinder

Vault maps used:
D:1:      dpeg_arrival_caged_fury, nrook_uturn
D:2:      nicolae_overflow_crystal_walls, nicolae_qazlal_style_of_elements,
          kennysheep_donut, grunt_ministairs_10
D:3:      lemuel_coloured_pillars_altar, corexii_leaking_fountain, uniq_grinder,
          uniq_terence

Action                   |  1- 3 |  4- 6 || total
-------------------------+-------+-------++-------
Melee: War axe           |    85 |    35 ||   120
Throw: Throwing net      |     7 |       ||     7
       Stone             |    22 |    39 ||    61
  Use: Scroll            |     4 |     4 ||     8
       Potion            |       |     2 ||     2
  Eat: Chunk             |     1 |     2 ||     3
